 Dungeon Crawl Stone Soup version 0.31-a0-5-g84e6b3452c (webtiles) character file.

Game seed: 8607934060122281739

14909 Lavandula the Slicer (level 11, -1/87 HPs)
             Began as a Mummy Venom Mage on May 5, 2023.
             Was an Elder of Kikubaaqudgha.
             Killed from afar by an orc sorcerer (46 damage)
             ... with a bolt of fire
             ... on level 2 of the Orcish Mines.
             The game lasted 00:36:42 (14930 turns).

Lavandula the Slicer (Mummy Venom Mage)            Turns: 14930, Time: 00:36:43

Health: -1/87      AC: 11    Str: 11    XL:     11   Next: 94%
Magic:  10/24      EV: 19    Int: 18    God:    Kikubaaqudgha [****..]
Gold:   1373       SH:  0    Dex: 20    Spells: 6/28 levels left

rFire   x . .        g - +2 dagger (protect)
rCold   + . .        (no shield)
rNeg    + + +        o - +0 robe {Archmagi}
rPois   ∞            i - +0 helmet
rElec   .            J - +1 cloak
rCorr   .            q - +2 pair of gloves
SInv    .            v - +2 pair of boots
Will    +....        p - amulet of regeneration
Stlth   ++           l - +5 ring of evasion
HPRegen 1.14/turn    r - +6 ring of dexterity
MPRegen 0.19/turn

%: faith, archmagi
@: no status effects
A: cold resistance 1, negative energy resistance 3, torment resistance 2, heat
vulnerability 1, in touch with death 1, no potions, faith
a: Renounce Religion, Unearth Wretches


You were on level 2 of the Orcish Mines.
You worshipped Kikubaaqudgha.
Kikubaaqudgha was greatly pleased with you.
You visited 3 branches of the dungeon, and saw 15 of its levels.
You also visited: Ossuary.

You collected 1499 gold pieces.
You spent 126 gold pieces at shops.

Inventory:

Hand Weapons
 b - a +0 dagger
 g - a +2 dagger of protection (weapon)
 j - a +1 vampiric short sword
 n - a +2 dagger of draining
 A - a +2 short sword
 H - a +1 scimitar of freezing
Missiles
 f - 7 silver boomerangs
 m - 6 javelins (quivered)
 y - 3 throwing nets
 D - 2 curare-tipped darts
 E - 28 poisoned darts
Armour
 a - a +0 robe
 d - the +0 robe of the World {rCorr MP+9}
   (You found it on level 7 of the Dungeon)

   MP:        It affects your magic capacity (+9).
   rCorr:     It protects you from acid and corrosion.
 i - a +0 helmet (worn)
 o - a +0 robe of the Archmagi (worn)
 q - a +2 pair of gloves (worn)
 t - a +0 buckler
 v - a +2 pair of boots (worn)
 z - +0 steam dragon scales
 J - a +1 cloak (worn)
Jewellery
 k - a ring of protection from cold
 l - a +5 ring of evasion (left hand)
 p - an amulet of regeneration (around neck)
 r - a +6 ring of dexterity (right hand)
 w - a ring of resist corrosion
Wands
 u - a wand of flame (13)
 B - a wand of paralysis (17)
Scrolls
 c - 2 scrolls of fog
 e - 5 scrolls of teleportation
 h - 4 scrolls of vulnerability
 s - 8 scrolls of amnesia
 x - 2 scrolls of immolation
 C - 2 scrolls of butterflies
 F - 2 scrolls of enchant weapon
 G - a scroll of magic mapping
 I - a scroll of brand weapon


   Skills:
 - Level 8.7 Fighting
 - Level 9.0 Short Blades
 - Level 5.0 Throwing
 + Level 4.2 Dodging
 - Level 1.5 Stealth
 - Level 9.0 Spellcasting
 - Level 5.2 Necromancy
 - Level 3.0 Translocations
 - Level 0.7 Transmutations
 - Level 5.8 Poison Magic


You had 6 spell levels left.
You knew the following spells:

 Your Spells              Type           Power      Damage    Failure   Level
a - Sting                 Tmut/Pois      100%       1d8       2%          1
b - Poisonous Vapours     Pois/Air       54%        N/A       4%          2
c - Mephitic Cloud        Conj/Pois/Air  22%        N/A       12%         3
d - Olgreb's Toxic Radia  Pois           43%        N/A       8%          4
e - Animate Dead          Necr           57%        N/A       11%         4
f - Vampiric Draining     Necr           57%        2d10      3%          3
g - Blink                 Tloc           56%        N/A       3%          2
h - Gell's Gravitas       Tloc           28%        N/A       8%          3

Your spell library contained the following spells:

 Spells                   Type           Power      Damage    Failure   Level
 Necrotise                Necr           100%       1d9       1%          1
 Cigotuvi's Dreadful Rot  Necr/Pois/Air  96%        N/A       3%          2
 Lesser Beckoning         Tloc           56%        N/A       3%          2
 Momentum Strike          Conj/Tloc      40%        3d9       7%          2
 Teleport Other           Tloc           28%        N/A       8%          3
 Dispel Undead            Necr           57%        3d20      11%         4
 Ozocubu's Armour         Ice            12%        N/A       26%         3
 Agony                    Necr           57%        N/A       28%         5
 Death Channel            Necr           28%        N/A       85%         6
 Dispersal                Tloc           14%        N/A       98%         6
 Simulacrum               Ice/Necr       19%        N/A       99%         6
 Ozocubu's Refrigeration  Ice            6%         4d8       100%        7


Dungeon Overview and Level Annotations

Branches:
Dungeon (12/15)            Temple (1/1) D:5            Lair (0/5) D:10
    Orc (2/2) D:11            Elf (0/3) Orc:2       Ossuary (visited)

Altars:
Ashenzari
Cheibriados
Dithmenos
Fedhas
Gozag
Hepliaklqana
Kikubaaqudgha
Makhleb
Nemelex Xobeh
Okawaru
Qazlal
Ru
Sif Muna
Trog
Uskayaw
Vehumet
Wu Jian
Xom
Yredelemnul

Shops:
D:6 [   D:10 =   Orc:1 :

Annotations:
Orc:2 3 runed translucent doors


Innate Abilities, Weirdness & Mutations

You are immune to poison.
Your flesh is cold resistant. (rC+)
You are immune to negative energy. (rN+++)
You are immune to unholy pain and torment.
You are vulnerable to heat. (rF-)
You are in touch with the powers of death.
You do not drink.
You have a special connection with the divine. (Faith)


Message History

Unknown command.
Casting: Olgreb's Toxic Radiance (dangerous; 8% risk of failure)
Confirm with . or Enter, or press ? or * to list all spells.
You feel a surge of power!
You begin to radiate toxic energy.
The orc sorcerer looks even sicker. x2
Unknown command.
Casting: Olgreb's Toxic Radiance (dangerous; 8% risk of failure)
Confirm with . or Enter, or press ? or * to list all spells.
Aiming: Gell's Gravitas (dangerous; 8% risk of failure)
Press: ? - help, Dir - move target You feel a surge of power!
Gravity reorients around empty space.
The orc sorcerer collides with the orc high priest!
The orc high priest is moderately wounded.
The orc sorcerer is moderately wounded.
The orc sorcerer looks as sick as possible!
Your toxic aura wanes.
Casting: Gell's Gravitas (dangerous; 8% risk of failure)
Confirm with . or Enter, or press ? or * to list all spells.
You feel a surge of power!
You begin to radiate toxic energy.
The orc high priest looks as sick as possible! x2
The orc sorcerer looks as sick as possible!
The orc sorcerer gestures at you while chanting.
The bolt of fire hits you!! The fire burns you terribly!
An orc comes into view. It is wielding a +0 club.
The orc high priest calls down the wrath of Beogh upon you.
Beogh smites you!
The orc sorcerer looks as sick as possible!
The orc sorcerer wildly gestures.
You feel disoriented.
Unknown command.
Okay, then.
The orc high priest looks as sick as possible!
Your toxic aura wanes.
The orc sorcerer gestures at you while chanting.
The bolt of fire hits your orc priest zombie!
Your orc priest zombie is destroyed!
The bolt of fire hits you!!! The fire burns you terribly!
Ouch! That really hurt!
You die...
Kikubaaqudgha rasps: "You have failed me!
Welcome... oblivion!"

)oo..............................
o)...........#.............#.....
#Z)........##..............#.....
)...).....## #.......)..#.###....
...........###...........##......
....4......##............###.....
...##.....o#......##.............
...##<............###...........#
...##....o..oZ..@.###.........###
..####......$....###.#......#.#
### #..#.....####........##.# #
##.#....# ##.#.#...#### #
#......## ######.## # ##....# #.#
##### ###


You could see an orc high priest (extremely poisoned, ally target), an orc
sorcerer (extremely poisoned), an orc and a friendly orc zombie.

Vanquished Creatures
  A boulder beetle (D:11)
  A two-headed ogre (D:10)
  2 orc knights
  A cyclops (D:11)
  An orc sorcerer (Orc:2)
  Maurice (D:11)
  Joseph (D:9)
  A gargoyle (D:11)
  A kobold demonologist (D:11)
  2 trolls
  2 hornets
  2 shadows
  A wyvern (D:7)
  Eustachio (D:6)
  13 yaks
  A steam dragon (D:7)
  3 wargs (Orc:2)
  An acid dragon (D:10)
  20 orc warriors
  2 ice beasts
  A sky beast (D:7)
  5 black bears
  2 ogres
  2 centaurs
  A phantom (D:6)
  2 kobold brigands
  6 bullfrogs
  A gnoll sergeant (D:10)
  2 scorpions (D:5)
  9 wights
  A troll zombie (Orc:1)
  12 killer bees
  4 electric eels (D:11)
  3 howler monkeys
  3 hounds
  12 orc priests
  3 gnoll boudas
  2 iguanas
  A sleepcap (D:6)
  22 orc wizards
  An ogre zombie (Orc:1)
  8 mummies (Ossuary)
  19 gnolls
  4 adders
  A shadow imp (D:8)
  A white imp (D:6)
  2 worms
  2 dart slugs
  75 orcs
  9 endoplasms
  6 giant cockroaches
  7 goblins
  7 hobgoblins
  4 quokkas
  4 ball pythons
  3 bats
  A frilled lizard (D:2)
  A hobgoblin zombie (Ossuary)
  16 kobolds
  3 kobold zombies (Ossuary)
  4 orc zombies (Ossuary)
  3 rats
333 creatures vanquished.

Vanquished Creatures (collateral kills)
  An orc sorcerer (Orc:1)
  A gargoyle (D:11)
  A yak (D:11)
  An acid dragon (D:9)
  2 orc warriors (Orc:1)
  An ogre (Orc:1)
  A kobold brigand (D:10)
  An orc priest (Orc:2)
9 creatures vanquished.

Vanquished Creatures (others)
  An ice beast (D:11)
  An orc warrior (D:11)
  A centaur (D:11)
  A bullfrog (D:11)
  A scorpion (D:10)
  A centaur zombie (D:11)
  A gnoll bouda (D:11)
  3 killer bee zombies (D:11)
  2 ogre zombies
  An adder (D:11)
  29 orc zombies
  An adder zombie (D:11)
  A gnoll zombie (D:11)
  A worm (D:11)
  An orc (D:11)
  3 quokkas
  A frilled lizard (D:11)
  A frilled lizard zombie (D:11)
  3 quokka zombies
54 creatures vanquished.

Grand Total: 396 creatures vanquished

Notes
Turn   | Place    | Note
-------+----------+-------------------------------------------
     0 | D:1      | Lavandula the Mummy Venom Mage began the quest for the Orb.
     0 | D:1      | Reached XP level 1. HP: 13/13 MP: 4/4
   315 | D:1      | Reached XP level 2. HP: 19/19 MP: 1/6
   326 | D:1      | Learned a level 2 spell: Poisonous Vapours
   381 | D:1      | Found a faded altar of an unknown god.
  1404 | D:2      | Gained mutation: You are in touch with the powers of death.
                  | [Mummy growth]
  1404 | D:2      | Reached XP level 3. HP: 24/24 MP: 2/8
  1408 | D:2      | Learned a level 3 spell: Mephitic Cloud
  2472 | D:3      | Reached XP level 4. HP: 29/30 MP: 6/9
  2788 | D:3      | Learned a level 4 spell: Olgreb's Toxic Radiance
  3085 | D:3      | Reached XP level 5. HP: 35/35 MP: 1/10
  3542 | D:4      | Reached skill level 5 in Poison Magic
  3867 | D:4      | Noticed an ice beast
  3880 | D:4      | Killed an ice beast
  3881 | D:4      | Reached XP level 6. HP: 41/41 MP: 11/11
  4445 | D:5      | Entered Level 5 of the Dungeon
  4453 | D:5      | Reached skill level 1 in Short Blades
  4718 | D:5      | Reached XP level 7. HP: 46/46 MP: 7/12
  4742 | D:5      | Found a sand-covered staircase.
  4785 | Ossuary  | Entered an ossuary
  5307 | D:5      | Found a staircase to the Ecumenical Temple.
  5351 | Temple   | Entered the Ecumenical Temple
  5513 | D:6      | Noticed Eustachio
  5628 | D:6      | Reached skill level 5 in Short Blades
  5628 | D:6      | Reached XP level 8. HP: 52/52 MP: 1/13
  5766 | D:6      | Killed Eustachio
  6123 | D:6      | Found Zidaed's Antique Armour Emporium.
  6132 | D:6      | Bought a distressingly furry leather armour for 126 gold
                  | pieces
  6132 | D:6      | Identified the +1 leather armour "Rijous" {rPois MP-9 Int+7
                  | Dex+2} (You bought it in a shop on level 6 of the Dungeon)
  6330 | D:6      | Found a shimmering blue altar of Sif Muna.
  6890 | D:7      | Reached XP level 9. HP: 55/57 MP: 2/14
  7114 | D:7      | Found a sacrificial altar of Ru.
  7349 | D:7      | Found an ornate altar of the Wu Jian Council.
  7358 | D:7      | Found an opulent altar of Gozag.
  7361 | D:7      | Found a blossoming altar of Fedhas.
  7361 | D:7      | Found an ancient bone altar of Kikubaaqudgha.
  7379 | D:7      | Found a burning altar of Makhleb.
  7383 | D:7      | Found an iron altar of Okawaru.
  7384 | D:7      | Became a worshipper of Kikubaaqudgha
  7753 | D:7      | Found a snail-covered altar of Cheibriados.
  7822 | D:7      | Identified the +0 robe of the World {rCorr MP+9}
  8262 | D:8      | Reached skill level 5 in Spellcasting
  8384 | D:8      | Identified the +1 robe of Exzawa {rF++ rC+ Stlth+}
  8588 | D:8      | Reached * piety under Kikubaaqudgha
  8588 | D:8      | Received a gift from Kikubaaqudgha
  9053 | D:8      | Learned a level 4 spell: Animate Dead
  9057 | D:8      | Learned a level 3 spell: Vampiric Draining
  9350 | D:9      | Noticed Joseph
  9426 | D:9      | Killed Joseph
  9427 | D:9      | Reached XP level 10. HP: 63/63 MP: 14/23
  9741 | D:9      | Found a sparkling altar of Nemelex Xobeh.
 10172 | D:9      | Reached ** piety under Kikubaaqudgha
 10175 | D:9      | Reached skill level 5 in Necromancy
 10245 | D:9      | Found a bloodstained altar of Trog.
 10458 | D:10     | Entered Level 10 of the Dungeon
 10483 | D:10     | Learned a level 2 spell: Blink
 10528 | D:10     | Reached skill level 1 in Translocations
 10686 | D:10     | Reached skill level 1 in Fighting
 11088 | D:10     | Found a staircase to the Lair.
 11168 | D:10     | Reached skill level 5 in Fighting
 11219 | D:10     | Found Rotaom's Jewellery Emporium.
 11231 | D:10     | Learned a level 3 spell: Gell's Gravitas
 11473 | D:11     | Noticed Maurice
 11663 | D:11     | Killed Maurice
 11664 | D:11     | Reached XP level 11. HP: 81/81 MP: 8/24
 11827 | D:11     | Noticed a boulder beetle
 11838 | D:11     | Killed a boulder beetle
 11970 | D:11     | Found a stormy altar of Qazlal.
 12462 | D:11     | Found a staircase to the Orcish Mines.
 12631 | D:11     | Noticed a cyan ugly thing
 12828 | D:11     | Reached skill level 1 in Throwing
 13370 | Orc:1    | Entered Level 1 of the Orcish Mines
 13603 | Orc:1    | Noticed an orc sorcerer
 13615 | Orc:1    | Killed an orc sorcerer
 13770 | Orc:1    | Noticed an orc knight
 13788 | Orc:1    | Killed an orc knight
 13901 | Orc:1    | Found Ydaxt's Vocational Training.
 14073 | Orc:2    | Entered Level 2 of the Orcish Mines
 14090 | Orc:2    | Reached *** piety under Kikubaaqudgha
 14090 | Orc:2    | Received a gift from Kikubaaqudgha
 14213 | Orc:2    | Found a staircase to the Elven Halls.
 14277 | Orc:2    | Noticed an orc knight
 14288 | Orc:2    | Reached skill level 5 in Throwing
 14306 | Orc:2    | Noticed an orc sorcerer
 14308 | Orc:2    | Killed an orc knight
 14727 | Orc:2    | Noticed an orc sorcerer
 14740 | Orc:2    | Killed an orc sorcerer
 14743 | Orc:2    | Reached **** piety under Kikubaaqudgha
 14870 | Orc:2    | Found a runed translucent gate.
 14870 | Orc:2    | Found a runed translucent gate.
 14870 | Orc:2    | Found a runed translucent gate.
 14923 | Orc:2    | Noticed an orc high priest
 14924 | Orc:2    | Noticed an orc sorcerer
 14930 | Orc:2    | Killed from afar by an orc sorcerer

Illustrated notes

Levels and vault maps discovered:
D:1:      scummos_arrival_hexagon, layout_basic,
          hellmonk_ecumenical_altar_slurped_away
D:2:      layout_loops_ring
D:3:      layout_rooms, hangedman_abyss_or_decor_lesser_grid, patterned_corridor
D:4:      layout_loops_ring
D:5:      layout_basic, minmay_temple_entry_mini_moons,
          nicolae_ossuary_entry_ruins, corexii_hall_statues_x
D:6:      layout_basic, tgw_sif, serial_shops, nicolae_shop_stone,
          uniq_eustachio
D:7:      layout_gridville, kennysheep_slug_shrine,
          nicolae_overflow_hallway_of_the_gods,
          nicolae_ru_great_annihilating_truth
D:8:      layout_basic, marbit_many_paths
D:9:      layout_irregular_city, general_overflow_altar,
          nicolae_overflow_crystal_walls, uniq_joseph
D:10:     layout_long_grid, lair_entry_dummy, serial_shops, shop,
          kennysheep_small_square
D:11:     layout_basic, hiddenorc2_lemuel, hangedman_decor_push,
          nicolae_qazlal_general_emergency, uniq_maurice
D:12:     layout_cave_pools, minmay_fractal_squares_gapless_5, uniq_nessos
Temple:   nicolae_temple_cloud_nine
Orc:1:    layout_diamond_mine, serial_shops, shop, nicolae_shop_vocational
Orc:2:    st_orc_congregation, layout_diamond_mine, gammafunk_ghost_cemetery

Skill      XL: |  1  2  3  4  5  6  7  8  9 10 11 |
---------------+----------------------------------+-----
Spellcasting   | 3 9 |  9.0
Poison Magic   | 3 4 5 |  5.8
Short Blades   | 2 5 8 9 |  9.0
Necromancy     | 2 5 |  5.2
Translocations | 3 |  3.0
Fighting       | 6 8 |  8.7
Throwing       | 5 |  5.0
Dodging        | 4 |  4.2
Stealth        | |  1.5
Transmutations | |  0.7

Action                     |  1- 3 |  4- 6 |  7- 9 | 10-12 || total
---------------------------+-------+-------+-------+-------++-------
  Melee: Dagger            |    13 |    77 |   495 |   251 ||   836
         Short sword       |     4 |       |    47 |       ||    51
         Punch             |     1 |       |    10 |     3 ||    14
         Scimitar          |       |       |       |    48 ||    48
  Throw: Boomerang         |       |       |     6 |       ||     6
         Javelin           |       |       |       |     7 ||     7
   Cast: Sting             |    71 |    69 |     2 |       ||   142
         Poisonous Vapours |     3 |    16 |     1 |       ||    20
         Olgreb's Toxic Ra |       |     4 |    49 |   105 ||   158
         Mephitic Cloud    |       |       |     1 |     3 ||     4
         Animate Dead      |       |       |       |    11 ||    11
         Gell's Gravitas   |       |       |       |     2 ||     2
 Invoke: Unearth Wretches  |       |       |       |     8 ||     8
  Evoke: Wand              |       |       |     9 |     5 ||    14
    Use: Scroll            |     1 |     4 |     6 |     3 ||    14
   Stab: Sleeping          |       |     1 |     3 |     1 ||     5
         Confused          |       |       |     1 |     1 ||     2
         Distracted        |       |       |       |     1 ||     1
         Paralysed         |       |       |       |     1 ||     1
 Armour: Robe              |     6 |    25 |    97 |    57 ||   185
         Steam dragon scal |       |       |    20 |       ||    20
  Dodge: Dodged            |    41 |    71 |   314 |   161 ||   587

Table legend: (Time is in decaauts)
 A = Elapsed time spent in this place.
 B = Non-inter-level travel time spent in this place.
 C = Inter-level travel time spent in this place.
 D = Time resting spent in this place.
 E = Time spent auto-exploring this place.
 F = Levels seen in this place.
 G = Mean time per level.
                   A        B        C        D        E       F      G
               +--------+--------+--------+--------+--------+-----+--------+
         Total |  14643 |  13979 |    664 |   1062 |  10210 |  16 |  915.2 |
       Dungeon |  12742 |  12138 |    604 |    830 |   9063 |  12 | 1061.8 |
        Temple |     76 |     68 |      8 |      0 |     68 |   1 |   76.0 |
  Orcish Mines |   1528 |   1477 |     51 |    204 |    976 |   2 |  764.0 |
       Ossuary |    295 |    295 |      0 |     28 |    103 |   1 |  295.0 |
               +--------+--------+--------+--------+--------+-----+--------+

Top non-repeatable levels by time:
    D:11: 1823 daAuts
     D:8: 1417 daAuts
     D:7: 1219 daAuts
     D:1: 1175 daAuts
     D:2: 1118 daAuts
     D:4: 1107 daAuts
     D:9: 1104 daAuts
     D:3: 1081 daAuts
     D:6: 1044 daAuts
    D:10: 939 daAuts
   Orc:1: 831 daAuts
     D:5: 708 daAuts
   Orc:2: 696 daAuts
 Ossuary: 295 daAuts
  Temple: 76 daAuts
